 Seeded DCSS version 0.30-a0-728-gc68057be0a (webtiles) character file.

Game seed: 5430720872467839093 (custom seed)

135 OTABOTABOTAB the Caller (level 5, -3/31 HPs)
             Began as an Octopode Summoner on Jan 31, 2023.
             Killed by divine providence
             ... invoked by an orc priest
              (13 damage)
             ... on level 3 of the Dungeon on Feb 1, 2023.
             The game lasted 00:08:11 (2714 turns).

OTABOTABOTAB the Caller (Octopode Summoner)         Turns: 2714, Time: 00:08:12

Health: -3/31      AC: -1    Str: 14    XL:     5   Next: 18%
Magic:  1/10       EV: 13    Int: 19    God:
Gold:   1840       SH:  0    Dex: 12    Spells: 2/11 levels left

rFire   + . .      SeeInvis .    a - +0 dagger
rCold   + + .      Faith    .    (no shield)
rNeg    + . .      Spirit   .    p - -2 hat of the Alchemist {rElec rPois rF+ rC+ rN+ Will+ rMut rCorr}
rPois   +          Reflect  .    (no amulet)
rElec   +          Harm     .    b - +6 ring of strength
rCorr   +          Rampage  .    C - ring of protection from cold {rC+, !d}
rMut    +                        (no ring)
Will    +....                    (no ring)
Stlth   +++                      (no ring)
HPRegen 0.25/turn                (no ring)
MPRegen 0.12/turn                (no ring)
                                 (no ring)

@: no status effects
A: almost no armour, amphibious, 8 rings, camouflage 1, gelatinous body 1,
(nimble swimmer 1), tentacles
a: no special abilities


You were on level 3 of the Dungeon.
You visited 1 branch of the dungeon, and saw 3 of its levels.

You collected 1840 gold pieces.

Inventory:

Hand Weapons
 a - a +0 dagger (weapon)
   (You took it off a kobold on level 1 of the Dungeon)
Missiles
 s - 25 stones
Armour
 p - the -2 hat of the Alchemist (worn) {rElec rPois rF+ rC+ rN+ Will+ rMut rCorr}
   (You acquired it on level 2 of the Dungeon)

   rF:        It protects you from fire.
   rC:        It protects you from cold.
   rElec:     It insulates you from electricity.
   rPois:     It protects you from poison.
   rN:        It protects you from negative energy.
   rCorr:     It protects you from acid and corrosion.
   rMut:      It protects you from mutation.
   Will:      It increases your willpower.
Jewellery
 b - a +6 ring of strength (left tentacle)
   (You found it on level 1 of the Dungeon)
 C - a ring of protection from cold (right tentacle) {rC+, !d}
   (You found it on level 2 of the Dungeon)
Scrolls
 c - a scroll of brand weapon {unknown}
 e - a scroll of torment {unknown}
 f - 3 scrolls of amnesia {unknown}
 g - a scroll of identify {unknown}
 h - a scroll of teleportation {unknown}
 k - 2 scrolls of noise {unknown}
 l - a scroll of poison {unknown}
 m - a scroll of fog {unknown}
 n - a scroll of enchant armour {unknown}
 o - a scroll of immolation {unknown}
Potions
 d - a potion of mutation {unknown}
 i - a potion of attraction {unknown}
 j - 2 potions of curing {unknown}
 q - a potion of degeneration {unknown}
 M - a potion of magic


   Skills:
 + Level 0.1 Fighting
 + Level 2.0 Dodging
 - Level 2.6 Stealth
 + Level 3.6 Spellcasting
 + Level 0.1 Hexes
 + Level 5.2 Summonings


You had 2 spell levels left.
You knew the following spells:

 Your Spells              Type           Power      Damage    Failure   Level
a - Summon Small Mammal   Summ           92%        N/A       1%          1
b - Call Canine Familiar  Summ           23%        N/A       4%          3
c - Call Imp              Summ           23%        N/A       2%          2
d - Summon Guardian Gole  Hex/Summ       13%        N/A       14%         3

Your spell library contained the following spells:

 Spells                   Type           Power      Damage    Failure   Level
 Summon Lightning Spire   Summ/Air       13%        N/A       43%         4


Dungeon Overview and Level Annotations

Branches:
Dungeon (3/15)

Altars:

Shops:
D:2 ?


Innate Abilities, Weirdness & Mutations

You cannot wear most types of armour.
You are amphibious.
You can wear up to eight rings at the same time.
Your skin changes colour to match your surroundings (Stealth+).
Your rubbery body absorbs attacks. (AC +1, EV +1)
((You are camouflaged when in or above water. (Stealth+)))
You have tentacles for arms and can constrict up to eight enemies at once.


Message History

Your shadow imp closely misses the orc priest.
Your hound closely misses the orc wizard.
The orc priest hits your shadow imp with the +3 short sword of the Manifold Quests {flame, rElec Int+5}.
The orc priest burns your shadow imp.
The orc wizard completely misses your hound.
The orc barely misses your shadow imp.
Your shadow imp hits the orc priest but does no damage.
Your hound bites the orc wizard.
The orc priest hits your shadow imp but does no damage.
The orc wizard hits your hound with a +0 dagger.
The orc hits your shadow imp but does no damage.
Your shadow imp barely misses the orc priest.
Your hound bites the orc wizard.
Your hound closely misses the orc wizard.
The orc priest hits your shadow imp with the +3 short sword of the Manifold Quests {flame, rElec Int+5}!
The orc priest burns your shadow imp.
Your shadow imp dies!
Your shadow imp disappears in a puff of smoke!
The orc wizard points at your hound and mumbles some strange words.
Your hound resists with significant effort.
Health restored: 31 Your hound barely misses the orc wizard.
Your hound completely misses the orc wizard.
The orc wizard gestures at your hound while chanting.
The puff of flame hits your hound!
Your hound dies!
Your hound's corpse disappears in a puff of smoke!
The orc hits you with a +0 flail!
Your rat closely misses the orc.
You take 8 damage, and have 23/31 hp.
MASSIVE DAMAGE!!
The orc hits you with a +0 flail.
Your rat bites the orc.
The orc wizard hits you with a +0 dagger.
You take 5 damage, and have 18/31 hp.
You now have 1/10 mp.
You swap places.
Your rat bites the orc.
The orc wizard hits your rat with a +0 dagger.
Your rat dies!
Your rat's corpse disappears in a puff of smoke!
You swap places.
Your hound bites the orc. x2
The orc dies!
The hobgoblin hits your hound.
Your hound bites the hobgoblin.
The orc wizard points at you and mumbles some strange words.
The magic dart hits your hound!
Your hound dies!
Your hound's corpse disappears in a puff of smoke!
The hobgoblin misses you.
You hit the hobgoblin but do no damage. Your grab misses the hobgoblin.
The hobgoblin barely misses you.
You hit the hobgoblin. Your grab misses the hobgoblin.
The hobgoblin closely misses you.
The orc wizard gestures wildly while chanting.
The orc wizard flickers and vanishes!
Deactivating autopickup; reactivate with Ctrl-A.
A beastly little devil appears in a puff of flame.
Your crimson imp says, "You called?"
The hobgoblin hits you.
You take 2 damage, and have 18/31 hp.
You now have 0/10 mp.
You swap places.
Your crimson imp barely misses the hobgoblin.
The orc priest miscasts a cantrip.
The hobgoblin closely misses your crimson imp.
Your crimson imp hits the hobgoblin but does no damage.
The hobgoblin barely misses your crimson imp.
Your crimson imp barely misses the hobgoblin.
The hobgoblin closely misses your crimson imp.
The hobgoblin barely misses your crimson imp.
Your crimson imp hits the hobgoblin but does no damage.
Your crimson imp hits the hobgoblin.
The hobgoblin dies!
Your crimson imp hits the orc priest but does no damage.
The orc priest closely misses your crimson imp.
Your crimson imp hits the orc priest.
The orc priest invokes the aid of Beogh against you.
Beogh smites you!
* * * LOW HITPOINT WARNING * * *
You take 12 damage, and have 8/31 hp.
MASSIVE DAMAGE!!
Your crimson imp hits the orc priest but does no damage.
The orc priest hits your crimson imp with the +3 short sword of the Manifold Quests {flame, rElec Int+5}.
Something hits your crimson imp.
Your crimson imp hits the orc priest.
What are your orders? t - Shout!
Orders for allies: a - Attack new target. r - Retreat! s - Stop attacking. g - Guard the area. f - Follow me.
Anything else - Cancel.
Gang up on whom?
Aim: an orc priest, wielding the +3 short sword of the Manifold Quests {flame, rElec Int+5}, wearing a +1 ring mail of poison resistance and carrying a wand of mindburst (13) (moderately wounded, ally target) Attack!
Your crimson imp blinks!
You swap places.
Your quokka barely misses the orc priest.
The orc priest calls down the wrath of Beogh upon you.
Your quokka writhes in agony!
Your quokka dies!
Your quokka's corpse disappears in a puff of smoke!
The orc priest calls down the wrath of Beogh upon you.
Beogh smites you!
You die...

...)$....#
#...#..#
.....)!).#
####_#...#
.....##.##
#...#####.# ...
#.# ##.#######.# .
#†# #..#.# #.#
#.##### #.##.# #.#
#..{o.####.##.#
#.#
#####..##.....#
#.# ##.@......#
#.##
####...#.#######
#..#
......#..#.....#
##.#
#.#####...##.....#
#.#
#................#
#.##
#####..##..#.....#
#.[#
#.###........#
##†#
#.###.#.÷.#### #.#
###.##..#..## #.#


You could see an orc priest.

Vanquished Creatures
  2 endoplasms
  A jackal (D:1)
  2 quokkas (D:1)
  A rat (D:1)
6 creatures vanquished.

Vanquished Creatures (collateral kills)
  A necrophage (D:2)
  2 gnolls (D:2)
  An adder (D:2)
  3 orcs (D:3)
  3 bats
  4 endoplasms
  4 hobgoblins
  3 jackals (D:1)
  5 kobolds
  4 ball pythons
  A frilled lizard (D:2)
  4 goblins
  2 rats (D:3)
37 creatures vanquished.

Grand Total: 43 creatures vanquished

Notes
Turn   | Place    | Note
-------+----------+-------------------------------------------
     0 | D:1      | OTABOTABOTAB the Octopode Summoner began the quest for the
                  | Orb.
     0 | D:1      | Reached XP level 1. HP: 11/11 MP: 3/3
   241 | D:1      | Reached XP level 2. HP: 17/17 MP: 1/5
   392 | D:1      | Learned a level 2 spell: Call Imp
  1017 | D:1      | Reached XP level 3. HP: 21/21 MP: 3/6
  1021 | D:1      | Learned a level 3 spell: Call Canine Familiar
  1263 | D:2      | Found Doddoiw's Magic Scroll Shoppe.
  1365 | D:2      | Noticed a necrophage
  1373 | D:2      | Killed a necrophage
  1374 | D:2      | Reached skill level 3 in Spellcasting
  1374 | D:2      | Reached XP level 4. HP: 15/27 MP: 0/8
  1532 | D:2      | Reached skill level 5 in Summonings
  1711 | D:2      | Reached XP level 5. HP: 31/31 MP: 2/10
  2313 | D:2      | Identified 4 scrolls of acquirement
  2313 | D:2      | Acquired 377 gold pieces
  2314 | D:2      | Acquired 549 gold pieces
  2316 | D:2      | Acquired the -2 hat of the Alchemist {rElec rPois rF+ rC+
                  | rN+ Will+ rMut rCorr}
  2316 | D:2      | Found the -2 hat of the Alchemist {rElec rPois rF+ rC+ rN+
                  | Will+ rMut rCorr}
  2323 | D:2      | Acquired 812 gold pieces
  2358 | D:3      | Learned a level 3 spell: Summon Guardian Golem
  2414 | D:3      | Found a faded altar of an unknown god.
  2682 | D:3      | Identified the +3 short sword of the Manifold Quests
                  | {flame, rElec Int+5}
  2714 | D:3      | Killed from afar by an orc priest

Illustrated notes

Levels and vault maps discovered:
D:1:      dpeg_arrival_boxes_within_box, layout_basic
D:2:      layout_loops_ring, serial_shops, shop, nicolae_kite_square_tiling_tiny
D:3:      layout_rooms, okawaru_metal_pillars_3, ebering_ecumenical_altar_rust

Skill      XL: |  1  2  3  4 |
---------------+-------------+-----
Spellcasting   | 3 |  3.6
Summonings     | 5 |  5.2
Fighting       | |  0.1
Dodging        | |  2.0
Stealth        | |  2.6
Hexes          | |  0.1

Action                     |  1- 3 |  4- 6 || total
---------------------------+-------+-------++-------
  Melee: Dagger            |    17 |     2 ||    19
         Constrict         |     5 |       ||     5
         Tentacles         |     4 |       ||     4
   Cast: Summon Small Mamm |    27 |    22 ||    49
         Call Imp          |     5 |    11 ||    16
         Call Canine Famil |     2 |    13 ||    15
    Use: Scroll            |       |     4 ||     4
   Stab: Distracted        |     1 |       ||     1
 Armour: Skin              |     2 |     1 ||     3
  Dodge: Dodged            |    18 |     9 ||    27

Table legend: (Time is in decaauts)
 A = Elapsed time spent in this place.
 B = Non-inter-level travel time spent in this place.
 C = Inter-level travel time spent in this place.
 D = Time resting spent in this place.
 E = Time spent auto-exploring this place.
 F = Levels seen in this place.
 G = Mean time per level.
                   A        B        C        D        E       F      G
               +--------+--------+--------+--------+--------+-----+--------+
         Total |   2712 |   2654 |     58 |      0 |   2204 |   3 |  904.0 |
       Dungeon |   2712 |   2654 |     58 |      0 |   2204 |   3 |  904.0 |
               +--------+--------+--------+--------+--------+-----+--------+

Top non-repeatable levels by time:
     D:2: 1218 daAuts
     D:1: 1133 daAuts
     D:3: 360 daAuts

Table legend:
 A = Kills in this place as a percentage of kills in entire the game.
 B = Kills by you in this place as a percentage of kills by you in the entire game.
 C = Kills by friends in this place as a percentage of kills by friends in the entire game.
 D = Other kills in this place as a percentage of other kills in the entire game.
 E = Experience gained in this place as a percentage of experience gained in the entire game.
 F = Experience gained in this place divided by the number of levels of this place that you have seen.
                   A       B       C       D       E      F
               +-------+-------+-------+-------+-------+----------------------
         Total | 100.0 | 100.0 | 100.0 |   N/A | 100.0 |  64.3
       Dungeon | 100.0 | 100.0 | 100.0 |   N/A | 100.0 |  64.3
               +-------+-------+-------+-------+-------+----------------------
